Cogmind - Beta 15 @@@ ROGUE MODE // 2025.06.10 @ 17:03:24 Player: m1m1c Result: Destroyed by Y-45 Defender with Beam Rifle Performance ------------- Evolutions (1) 500 Regions Visited (2) 400 Robots Destroyed (6) 30 Value Destroyed (114) 114 Prototype IDs (0) 0 Alien Tech Used (0) 0 Bonus (200) 200 TOTAL SCORE: 1244 Bonus ------- Pacifist 200 Cogmind --------- Core Integrity 0/400 Matter 235/300 Energy 100/100 System Corruption 0% Temperature Hot (228) Movement Core (200) Ox3 Location -9/Materials Parts ------- > --- POWER (1) -------- (None) > --- PROPULSION (2) --- (None) > --- UTILITY (4) ------ Medium Storage Unit Advanced Targeting Computer Improved Utility Shielding > --- WEAPON (2) ------- (None) > --- INVENTORY (10) --- Light Ion Engine Peak State ------------ > --- POWER ------------ Ion Engine > --- PROPULSION ------- Compact Wheel Compact Wheel > --- UTILITY ---------- Small Storage Unit Medium Storage Unit Advanced Targeting Computer Improved Utility Shielding > --- WEAPON ----------- EM Pulse Gun Medium Laser > --- INVENTORY -------- Ion Engine Light Ion Engine Light Treads Light Treads Mining Laser [Rating: 13] Favorites ----------- Power Ion Engine Engine Ion Engine Propulsion Aluminum Leg Treads Light Treads Leg Aluminum Leg Wheel Compact Wheel Utility Small Storage Unit Storage Small Storage Unit Processor Advanced Targeting Computer Protection Improved Utility Shielding Weapon Medium Laser Energy Gun Medium Laser Special Weapon Mining Laser Build | -11 -10 -9 ------- Run | Yrd Mat Mat Slots Evolved 2 | . . 2 Power . | . . . Propulsion . | . . . Utility 2 | . . 2 Weapon . | . . . Parts Attached 11 | . . 11 Power 1 | . . 1 Engine 1 | . . 1 Core . | . . . Reactor . | . . . Propulsion 4 | . . 4 Treads 2 | . . 2 Leg . | . . . Wheel 2 | . . 2 Hover . | . . . Flight . | . . . Utility 4 | . . 4 Device . | . . . Storage 2 | . . 2 Processor 1 | . . 1 Hackware . | . . . Protection 1 | . . 1 Artifact . | . . . Weapon 2 | . . 2 Energy Gun 1 | . . 1 Energy Cannon . | . . . Ballistic Gun . | . . . Ballistic Cannon . | . . . Launcher . | . . . Special Weapon 1 | . . 1 Impact Weapon . | . . . Slashing Weapon . | . . . Piercing Weapon . | . . . Special Melee Weapon . | . . . Unidentified Prototypes . | . . . Parts Lost 9 | . . 9 Power 2 | . . 2 Propulsion 4 | . . 4 Utility . | . . . Weapon 3 | . . 3 Highest Loss Streak 9 | . . 9 To Critical Strikes . | . . . Average Backups 6 | 6 7 6 Power 1 | 1 1 1 Propulsion 3 | 4 4 2 Utility . | . . . Weapon 1 | 1 1 1 Tool/Special . | . . . Unused Backups 9 | 6 . 3 Power 3 | 1 . 2 Propulsion 2 | 2 . . Utility 1 | 1 . . Weapon 3 | 2 . 1 Tool/Special . | . . . Average Slot Usage (%) 74 | . 85 69 Engine 11 | . 14 10 Treads 1 | . . 2 Leg 17 | . 28 12 Wheel 3 | . . 4 Storage 13 | . 14 12 Processor 2 | . . 3 Protection 2 | . . 3 Energy Gun 21 | . 28 18 Peak Build Rating 13 | 6 6 13 Average Rating 6 | 6 6 7 On Entrance 6 | 6 6 6 Naked Turns . | . . . Heaviest Build 26 | 14 14 26 Greatest Support 40 | 20 20 40 Greatest Overweight (x) 5 | . . 5 Average Overweight (x) . | . . . Largest Inventory Capacity 10 | 8 8 10 Average Capacity 8 | 8 8 8 Most Carried 8 | 6 8 8 Average Carried 6 | 6 7 5 Final Capacity 10 | 8 8 10 Final Carried 8 | 6 8 1 Class Distribution -------------------- 100% | Mutant Dominant Class ---------------- Mutant | -10/Materials Mutant | -9/Materials Resources | -11 -10 -9 ----------- Run | Yrd Mat Mat Matter Collected 210 | 200 . 10 Remotely . | . . . Salvage Created 154 | . . 154 Parts 10 | . . 10 Haulers Intercepted . | . . . Recyclers Shooed . | . . . Parts Field Recycled . | . . . Retrieved Matter . | . . . Parts Self-Destructed . | . . . Prevented . | . . . Kills | -11 -10 -9 ------- Run | Yrd Mat Mat Combat Hostiles Destroyed 5 | . . 5 Guns 4 | . . 4 Classes Destroyed 3 | . . 3 Watcher 1 | . . 1 Swarmer 3 | . . 3 Grunt 2 | . . 2 Best Kill Streak 3 | . . 3 Combat Bots Only 3 | . . 3 Max Kills in Single Turn 1 | . . 1 Gunslinging . | . . . Exploded . | . . . Melee . | . . . Uniques/NPCs Destroyed . | . . . Combat | -11 -10 -9 -------- Run | Yrd Mat Mat Hostile Shots Fired 109 | . . 109 Missed 14 | . . 14 Hits 95 | . . 95 Projectile 95 | . . 95 Critical Strikes 4 | . . 4 Damage Taken 1259 | . 20 1239 Core 400 | . . 400 Absorbed by Shields . | . . . Redirected to Shielding 53 | . . 53 Core Remaining (%) 100 | 100 100 . Volleys Fired 31 | . . 31 Largest 2 | . . 2 Hottest 100 | . . 100 Shots Fired 45 | . . 45 Gun 45 | . . 45 Cannon . | . . . Launcher . | . . . Special . | . . . Kinetic . | . . . Thermal 37 | . . 37 Explosive . | . . . Electromagnetic 8 | . . 8 Robot Hit Streak 8 | . . 8 Robot Miss Streak 2 | . . 2 Penetration Max . | . . . Secondary Targets 2 | . . 2 Max Gunslinging Chain 1 | . . 1 Shots Hit Robots 27 | . . 27 Core Hits 9 | . . 9 Critical Kills . | . . . Critical Parts Destroyed . | . . . Critical Strikes 3 | . . 3 Burn 3 | . . 3 Melee Attacks . | . . . Impact . | . . . Slashing . | . . . Piercing . | . . . Sneak Attacks . | . . . Combat Hostiles . | . . . Follow-up Attacks . | . . . Damage Inflicted 348 | . . 348 Guns 348 | . . 348 Cannons . | . . . Explosions . | . . . Melee . | . . . Ramming . | . . . Kinetic . | . . . Thermal 276 | . . 276 Explosive . | . . . Electromagnetic 72 | . . 72 Impact . | . . . Slashing . | . . . Piercing . | . . . Highest Corruption . | . . . Average Corruption . | . . . Corruption Purged . | . . . Corruption Blocked . | . . . Overload Shots . | . . . Overflow Damage . | . . . Projectiles . | . . . Explosions . | . . . Melee . | . . . Knockbacks . | . . . Impact . | . . . Kinetic . | . . . Secondary . | . . . Self-Inflicted Damage . | . . . Shots . | . . . Rammed . | . . . Targets Rammed . | . . . Kicked . | . . . Crushed . | . . . Highest Temperature 380 | . . 380 Average Temperature 160 | . . 160 Received Heat Transfer 570 | . . 570 Effects 3 | . . 3 Energy Bleed 1 | . . 1 Interference 2 | . . 2 Siege Activations . | . . . Martial Activations . | . . . Shielding Activations . | . . . Robots Disrupted . | . . . Combat Hostiles . | . . . Robots Corrupted . | . . . Combat Hostiles . | . . . Parts Fried . | . . . Impact Corruptions . | . . . Robots Melted 1 | . . 1 Combat Hostiles 1 | . . 1 Parts Melted 2 | . . 2 Heat Transferred 1036 | . . 1036 Parts Sabotaged . | . . . Parts Stolen . | . . . Parts Stripped . | . . . Power Chain Reactions . | . . . Alert | -11 -10 -9 ------- Run | Yrd Mat Mat Maximum Alert Level . | . . . Low Security (%) 100 | 100 100 100 Level 1 . | . . . Level 2 . | . . . Level 3 . | . . . Level 4 . | . . . Level 5 . | . . . High Security . | . . . Max Security . | . . . Peak Influence 50 | . . 50 Initial . | . . . Average 10 | . . 17 Influence Increases 117 | . . 117 Destroy 0b10 Robot/C 100 | . . 100 Destroy 0b10 Robot/NC 5 | . . 5 Destroy Leader 12 | . . 12 Influence Decreases 117 | . . 117 Time Decay 77 | . . 77 Lost Part 40 | . . 40 Squads Dispatched 1 | . . 1 Investigation . | . . . Extermination . | . . . Reinforcement 1 | . . 1 Assault . | . . . Garrison . | . . . Intercept . | . . . Searches Triggered . | . . . Construction Impeded . | . . . Haulers Reinforced . | . . . Active Scanning Responses . | . . . Cargo Convoy Interrupts . | . . . Stealth | -11 -10 -9 --------- Run | Yrd Mat Mat Distress Signals 2 | . . 2 Communications Jammed . | . . . Distress Signals . | . . . Times Spotted 13 | . 1 12 Peak Tracking Total 7 | . 1 7 Tactical Retreats . | . . . Traps | -11 -10 -9 ------- Run | Yrd Mat Mat Traps Triggered 2 | . 1 1 Indirectly . | . . . Trap Hack Attempts . | . . . Triggered . | . . . Disarmed . | . . . Reprogrammed . | . . . Reused . | . . . Traps Extracted . | . . . Installed . | . . . Triggered . | . . . Machines | -11 -10 -9 ---------- Run | Yrd Mat Mat Machines Disabled . | . . . Max in Single Turn . | . . . Machines Repaired . | . . . Machines Dismantled . | . . . Machines Sabotaged . | . . . Overloaded Fab Kills . | . . . Hacking | -11 -10 -9 --------- Run | Yrd Mat Mat Machines Accessed . | . . . Terminals . | . . . Fabricators . | . . . Repair Stations . | . . . Recycling Units . | . . . Scanalyzers . | . . . Garrison Access . | . . . Total Hacks . | . . . Successful . | . . . Failed . | . . . Catastrophic . | . . . Database Lockouts . | . . . Manual . | . . . Terminals . | . . . Fabricators . | . . . Repair Stations . | . . . Recycling Units . | . . . Scanalyzers . | . . . Garrison Access . | . . . Terminal Hacks . | . . . Fabricator Hacks . | . . . Repair Station Hacks . | . . . Recycling Unit Hacks . | . . . Scanalyzer . | . . . Garrison Access Hacks . | . . . Unauthorized Hacks . | . . . Terminals . | . . . Fabricators . | . . . Repair Stations . | . . . Recycling Units . | . . . Scanalyzers . | . . . Garrison Access . | . . . Data Cores Recovered . | . . . Used . | . . . Hacking Detections . | . . . Full Trace Events . | . . . Feedback Events . | . . . Feedback Blocked . | . . . Robot Schematics Acquired . | . . . Robots Built . | . . . Authchips . | . . . Time . | . . . Total Robot Build Rating . | . . . Part Schematics Acquired . | . . . Parts Built . | . . . Authchips . | . . . Time . | . . . Total Part Build Rating . | . . . Parts Repaired . | . . . Time . | . . . Parts Recycled . | . . . Recycled Matter . | . . . Retrieved Matter . | . . . Retrieved Components . | . . . Parts Scanalyzed . | . . . Part Schematics Acquired . | . . . Parts Damaged . | . . . Bothacking | -11 -10 -9 ------------ Run | Yrd Mat Mat Used RIF Installer . | . . . Robots Hacked . | . . . Non-combat . | . . . Combat . | . . . Robot Hacks Applied . | . . . Relay Couplers Released . | . . . Fabnet Peak Effective % . | . . . Robots Rewired . | . . . Allies Hacked . | . . . Hacks Repelled . | . . . Allies | -11 -10 -9 -------- Run | Yrd Mat Mat Total Allies . | . . . Largest Group . | . . . Highest-Rated Group . | . . . Highest-Rated Ally . | . . . Total Orders . | . . . Ally Attacks . | . . . Total Damage . | . . . Kills . | . . . Allies Corrupted . | . . . Allies Melted . | . . . Intel | -11 -10 -9 ------- Run | Yrd Mat Mat Active Infowar (turns) . | . . . Robot Analysis Total . | . . . Derelict Logs Recovered . | . . . Drone Launches . | . . . Drone Recoveries . | . . . Exploration | -11 -10 -9 ------------- Run | Yrd Mat Mat Turns Passed 350 | 58 91 201 Spaces Moved 211 | 49 75 87 Core 5 | . . 5 Treads 1 | . . 1 Legs 182 | 49 75 58 Wheels 23 | . . 23 Hover . | . . . Flight . | . . . Fastest Speed 100 | 120 120 100 Average Speed 121 | 120 120 124 Slowest Speed 300 | 120 120 300 Overloaded Moves . | . . . Propulsion Burnouts . | . . . Robots Hopped . | . . . Potential Cave-ins . | . . . Cave-ins Triggered . | . . . Exploration Rate (%) 10 | 3 18 10 Regions Visited 2 Branch Regions . Pre-discovered Areas . | . . . Known Exits Taken . | . . . Unknown Exits Taken 2 | 1 1 . Scrap Searched . | . . . Spaces Dug . | . . . Terrain Destroyed . | . . . Melee . | . . . Projectile . | . . . AOE . | . . . Terrain Rammed . | . . . Walls Destroyed . | . . . Machines Disabled . | . . . Actions | -11 -10 -9 --------- Run | Yrd Mat Mat Total 260 | 48 76 136 Wait . | . . . Move 209 | 48 74 87 Hop . | . . . Pick Up 2 | . 2 . Fast Attach 4 | . . 4 Attach 8 | . . 8 Detach 1 | . . 1 Swap . | . . . Drop 5 | . . 5 Fire 31 | . . 31 Melee . | . . . Ram . | . . . Kick . | . . . Crush . | . . . Escape Stasis . | . . . Rewire . | . . . Trap . | . . . Miscellaneous . | . . . Route ------- -11/Scrapyard -10/Materials (discovered 2 exits: [*Mat] / [*Min]) -9/Materials History --------- Turn | Location | Event 1 | -11/Scrapyard | Discovered new exit (range 3) 59 | -11/Scrapyard | Entered Materials 72 | -10/Materials | Discovered new exit (range 16) 126 | -10/Materials | Discovered new exit (range 15) 150 | -10/Materials | Entered another Materials area 150 | -9/Materials | Evolved 2 slots: Utility x2 324 | -9/Materials | Build established: Mutant 332 | -9/Materials | Core integrity fell below 50% 346 | -9/Materials | Core integrity fell below 20% 351 | -9/Materials | Destroyed by Y-45 Defender with Beam Rifle Last Messages --------------- G-34 Mercenary suffers critical hit (Burn). G-34 Mercenary overheating. Critical hit (Burn: +37). G-34 Mercenary heat short circuits Heat Sink. G-34 Mercenary overheating. G-34 Mercenary critical meltdown. Broken Heat Sink melted. Ion Engine destroyed. Lgt. Treads destroyed. Mining Laser destroyed. Com. Wheel destroyed. Med. Laser destroyed. Lgt. Treads destroyed. Overheating: Energy bleed (-16). K-01 Serf collects debris. Critical hit (Burn: +37). K-01 Serf collects debris. Ion Engine destroyed. K-01 Serf collects debris. Critical hit (Burn: +37). Map ----- +----------------------------------------------------+ | ?????????????????????????????????????????????????? | | ?????????????????????????????????????????????????? | | ?????????????????????????????????????????????????? | | ?????????????????????????????????????????????????? | | ?????????????????????????????????????????????????? | | ?????????????????????????????????????????????????? | | ?????????????????????????????????????????????????? | | ?????????????????????????????????????????????????? | | ???????????????????????????????????####??????????? | | ????????????????????????? ????????? ??????????? | | ????????????????????????? ?????????? ??????????? | | ????????????????????????? ?????????? #?????????? | | ?????????????????????????k??????????# #?????????? | | ?????????????????????????b??????????# #??######## | | ????????????????????????? ??????????# #??# # | | ????????????????????????? ??????????# #### """ # | | ????????????????????????#g#?????????# %+% """ # | | ????????????????????????# #?????????# ## """ # | | ????????????????????????# #?????????# ## # | | ????????????????????????# #?????????# ## % # | | ????????????????????????# #?????????#!!% ####+#### | | ????????????????????????# #?????????# ! [ | | ???????????#####+######## ########### = | | ??????????+ T k * a ### | | ??????????# =%! #?? | | ?????????????""" * @ Y![= #?? | | ?????????????""" g=%##### #?? | | ?????????????""" ##### g =###?# !!! #?? | | ???????????? ????# ! #?# ! = #?? | | ??????????? ?????#! [[ !#?# !!= #?? | | ????????????#########??????#!![[!!#?############?? | | ???????????????????????????########??????????????? | | ?????????????????????????????????????????????????? | | ?????????????????????????????????????????????????? | | ?????????????????????????????????????????????????? | | ?????????????????????????????????????????????????? | | | | | | | | | | | | | | | | | | | | | | | | | | | | | +----------------------------------------------------+ Best States ------------- Heat Dissipation 28 Energy Generation 10 Energy Capacity 250 Matter Stores 300 Matter Capacity 300 Sight Range 16 Terrain Scan Density 10 Utility Shielding 66 Evasion (%) 55 Targeting Accuracy 8 Recoil Reduction 2 Item Schematics ----------------- None Robot Schematics ------------------ None Fabricated ------------ Nothing Repaired ---------- Nothing Alien Tech Used ----------------- None Achievements -------------- None Challenges ------------ None Game ------ Seed TransdimensionalNeutronFrame Manual? 0 Play Time 00:08:14 Cumulative 53.4 hours Start 2025.06.10 @ 16:49:28 End 2025.06.10 @ 17:03:24 Sessions 1 Manual Loads 0 Difficulty Rogue Special Mode None Game No. 108 Rogue 105 Adventurer 0 Explorer 3 Win Type - Total 0 Types 0/0/0/0/0/0/0/0/0/0 Lore% 11 Gallery% 33 Achievement% 32 Wizard Run 0 Options --------- Layout 1 ASCII 1 Keyboard 0 Movement Arrows Keybinds 1 Fullscreen 1 Font 18/SmallcapsGlow Map View 50x40 Zoom Use 0% Tactical HUD 0 Map Filters NONE Filters NONE Steam 1 RUN: ef055ff0-3e7f-4518-9a3b-fd15dee83704